 Dungeon Crawl Stone Soup version 0.17.0-56-gd8de76c (console) character file.

758 Kloppie the Stinger (level 7, -5/60 HPs)
             Began as a Red Draconian Venom Mage on Dec 5, 2015.
             Slain by an orc warrior
             ... wielding a +0 mace
              (16 damage)
             ... on level 4 of the Dungeon.
             The game lasted 00:16:25 (8158 turns).

Kloppie the Stinger (Red Draconian Venom Mage)      Turns: 8158, Time: 00:16:25

Health: -5/60      AC:  8    Str: 10    XL:     7   Next: 50%
Magic:  9/10       EV: 13    Int: 18    God:
Gold:   373        SH:  0    Dex: 11    Spells: 3 memorised, 2 levels left

rFire  + . .     SeeInvis .     g - +1 long sword
rCold  . . .     Clarity  .     (armour unavailable)
rNeg   . . .     SustAt   .     (no shield)
rPois  .         Gourm    .     (helmet restricted)
rElec  .         Spirit   .     j - +1 cloak
rCorr  +         Warding  .     (no gloves)
rMut   .         Stasis   .     (no boots)
MR     .....                    n - amulet of resist corrosion
Stlth  ++........               (no ring)
                                (no ring)

@: not resistant to hostile enchantments, unstealthy
A: breathe fire, unfitting armour, fire resistance 1, cold-blooded, AC +6
a: Breathe Fire


You were on level 4 of the Dungeon.
You were not hungry.

You visited 1 branch of the dungeon, and saw 7 of its levels.

You collected 418 gold pieces.
You spent 45 gold pieces at shops.

Inventory:

Hand Weapons
 g - a +1 long sword (weapon)
 l - a +0 halberd
Armour
 j - a +1 cloak (worn)
 o - a +0 shield
Jewellery
 d - an uncursed amulet of guardian spirit
 n - an amulet of resist corrosion (around neck)
Scrolls
 f - 5 scrolls of fear
 h - 3 scrolls of random uselessness
 i - 2 scrolls of teleportation
 q - 4 scrolls of remove curse
 u - a scroll of amnesia
Potions
 c - a potion of cure mutation
 e - a potion of lignification
 k - a potion of invisibility
 m - a potion of agility
 p - 5 potions of curing
 z - a potion of might
Books
 a - a Young Poisoner's Handbook

   Spells                             Type                      Level
   a - Sting                          Conjuration/Poison           1
   b - Cure Poison                    Poison                       2
   c - Mephitic Cloud                 Conjuration/Poison/Air       3
   d - Olgreb's Toxic Radiance        Poison                       4
   e - Venom Bolt                     Conjuration/Poison           5
 r - an Akashic Record

   Spells                             Type                      Level
   a - Dispersal                      Translocation                6
   b - Malign Gateway                 Summoning/Translocation      7
   c - Disjunction                    Translocation                8
   d - Controlled Blink               Translocation                8
Comestibles
 b - 5 bread rations
 v - 2 beef jerkies


   Skills:
 + Level 4.9 Fighting
 + Level 4.6 Dodging
 - Level 1.7 Stealth
 - Level 2.0 Spellcasting
 + Level 3.8 Conjurations
 - Level 5.0 Poison Magic


You had 2 spell levels left.
You knew the following spells:

 Your Spells              Type           Power        Failure   Level  Hunger
a - Sting                 Conj/Pois      ###.         3%          1    #......
b - Cure Poison           Pois           ###.......   3%          2    ###....
c - Venom Bolt            Conj/Pois      ###.......   87%         5    ######.


Dungeon Overview and Level Annotations

Branches:
Dungeon (7/15)
 Temple: D:4-7

Altars:
Zin

Shops:
D:3 *   D:5 !

Annotations:
D:2 Sigmund
D:6 Grinder


Innate Abilities, Weirdness & Mutations

You can breathe blasts of fire.
Your fiery red scales are hard (AC +6).
Your body does not fit into most forms of armour.
Your flesh is heat resistant.
You are cold-blooded and may be slowed by cold attacks.


Message History

The orc warrior hits you with a mace!
* * * LOW HITPOINT WARNING * * *
You hit the orc warrior but do no damage.
The orc warrior is moderately wounded.
The orc warrior misses you.
You hit the orc warrior but do no damage.
The orc warrior is moderately wounded.
The orc warrior hits you but does no damage.
The orc warrior hits you with a mace!
* * * LOW HITPOINT WARNING * * *
You have got your breath back.
Casting: Sting
Confirm with . or Enter, or press ? or * to list all spells.
Aiming: Sting
Press: ? - help, Shift-Dir - straight line, f/p - orc warrior
Aim: an orc warrior, wielding a mace and wearing a glowing chain mail (moderately wounded)
The sting hits the orc warrior.
The orc warrior is poisoned.
The orc warrior is heavily wounded.
The orc warrior hits you with a mace!
You die...

#.ยง.....# ############
#.......##########...........
##.......#........#.##########
####..))....#........#.#######
......>......................##
(###.......##........#.#####..#
.# ###.###############.######.#
.#####.###############........###
.....#.........o@................
####.#######################).###
.....#..........................#
................................#
................................#
...............<................#
.....#..........................#
.....#..........................#
##...#........................S.#


You could see an orc warrior.

Vanquished Creatures
  An ogre (D:4)
  A centaur (D:6)
  A sky beast (D:5)
  A giant frog zombie (D:5)
  A hound (D:5)
  2 orc priests (D:3)
  Jessica (D:2)
  2 worker ants
  Natasha (D:4)
  An iguana (D:4)
  9 adders
  7 gnolls
  3 worms
  5 giant geckos
  13 orcs
  3 giant cockroaches
  11 hobgoblins
  3 jackals (D:2)
  3 quokkas
  3 bats (D:2)
  A giant cockroach zombie (D:5)
  A giant gecko zombie (D:5)
  2 giant newts
  14 goblins
  9 kobolds
  6 rats
105 creatures vanquished.

Notes
Turn   | Place    | Note
--------------------------------------------------------------
     0 | D:1      | Kloppie the Draconian Venom Mage began the quest for the Orb.
     0 | D:1      | Reached XP level 1. HP: 14/14 MP: 3/3
   616 | D:1      | Reached XP level 2. HP: 20/22 MP: 5/5
   645 | D:1      | Reached skill level 1 in Fighting
   657 | D:1      | Learned a level 2 spell: Cure Poison
  1556 | D:2      | Reached XP level 3. HP: 28/28 MP: 1/6
  2494 | D:1      | Reached XP level 4. HP: 27/36 MP: 0/7
  2703 | D:2      | Noticed Jessica
  2714 | D:2      | Killed Jessica
  2826 | D:2      | Reached skill level 5 in Poison Magic
  2931 | D:2      | Reached XP level 5. HP: 40/42 MP: 8/8
  3306 | D:2      | Reached skill level 1 in Conjurations
  3307 | D:2      | Noticed Sigmund
  3379 | D:3      | Learned a level 5 spell: Venom Bolt
  3726 | D:3      | Found Zin's Purification Station.
  3734 | D:3      | Found a glowing silver altar of Zin.
  4323 | D:3      | HP: 2/44 [orc priest/divine providence (7)]
  4762 | D:3      | Found a faded altar to an unknown god.
  4880 | D:3      | Reached XP level 6. HP: 21/51 MP: 5/9
  5801 | D:4      | Noticed Natasha
  5826 | D:4      | Killed Natasha
  5868 | D:5      | Entered Level 5 of the Dungeon
  6448 | D:5      | Your scales start taking on a fiery red colour.
  6448 | D:5      | Gained mutation: Your flesh is heat resistant. [Red Draconian growth]
  6448 | D:5      | Reached XP level 7. HP: 59/59 MP: 10/10
  6631 | D:5      | Found Eheis's Distillery.
  6639 | D:5      | Bought a potion of curing for 45 gold pieces
  7535 | D:6      | Noticed Grinder
  8158 | D:4      | Slain by an orc warrior

Action                   |  1- 3 |  4- 6 |  7- 9 || total
-------------------------+-------+-------+-------++-------
Melee: Unarmed           |    17 |       |       ||    17
       Hand axe          |    42 |       |       ||    42
       Club              |     3 |       |       ||     3
       Halberd           |    16 |   144 |       ||   160
       Long sword        |       |    59 |    70 ||   129
 Cast: Sting             |    65 |    67 |    22 ||   154
       Cure Poison       |       |     2 |       ||     2
 Abil: Breathe Fire      |       |       |     2 ||     2
  Use: Scroll            |       |       |    14 ||    14
 Stab: Distracted        |       |     1 |       ||     1
       Sleeping          |       |     1 |       ||     1
  Eat: Chunk             |     5 |    15 |     4 ||    24
       Meat ration       |       |       |     1 ||     1
